Map: [TLMC19] Gold Dust

Players

DKZherO (herO) - Winner!

  • Race: Protoss Protoss
  • Spawn Location: 5:00

LiquidClem (Clem)

  • Race: Terran Terran
  • League: Master
  • Spawn Location: 9:00

VOD

Have the link to the VOD?

Description

Time

  • Played on: Dec. 23, 2023, 10:57 a.m.
  • Length: 7:33
Show
View Real Time Build Order
Export as new Build Order

DKZherO Protoss - Winner!

Build Orders: Blink Stalkers 

Get SALT Encoding   

  12  0:00  Probe  
  13  0:12  Probe  
  14  0:17  Pylon  
  14  0:24  Probe  
  15  0:36  Gateway  
  15  0:37  Probe (Chrono Boost)  
  15  0:42  Assimilator  
  16  0:49  Probe (Chrono Boost)  
  17  0:54  Probe (Chrono Boost)  
  17  0:56  Assimilator  
  18  1:03  Probe  
  19  1:15  Probe  
  20  1:23  Cybernetics Core  
  20  1:27  Probe  
  20  1:30  Pylon  
  21  1:39  Probe  
  22  1:51  Probe  
  23  1:57  Adept (Chrono Boost)  
  23  1:59  Warp Gate  
  25  2:02  Twilight Council  
  25  2:18  Probe  
  25  2:20  Adept  
  28  2:32  Blink (Chrono Boost)  
  28  2:35  Probe  
  29  2:37  Nexus  
  29  2:49  Gateway  
  31  2:55  Stalker  
  31  3:02  Pylon  
  31  3:12  Robotics Facility  
  31  3:20  Probe  
  31  3:25  Stalker  
  34  3:32  Probe  
  35  3:37  Pylon  
  35  3:44  Probe  
  36  3:50  Stalker, Probe  
  39  3:57  Probe  
  39  4:02  Probe  
  40  4:04  Observer (Chrono Boost)  
  38  4:16  Stalker x2  
  42  4:19  Warp Prism (Chrono Boost)  
  44  4:24  Probe x2  
  46  4:35  Gateway  
  46  4:42  Gateway  
  46  4:49  Stalker  
  46  4:51  Stalker, Observer  
  51  4:53  Probe  
  51  4:59  Probe  
  53  5:04  Pylon  
  53  5:05  Probe  
  54  5:16  Probe  
  54  5:17  Probe  
  54  5:19  Stalker x2  
  60  5:26  Observer  
  60  5:28  Probe  
  60  5:29  Probe  
  54  5:43  Stalker x4  
  54  5:48  Probe x2  
  60  6:06  Assimilator  
  60  6:07  Pylon  
  60  6:08  Stalker x3  
  60  6:11  Stalker  
  64  6:16  Probe x2  
  60  6:32  Stalker x3, Probe x2  
  66  6:34  Zealot  
  66  6:44  Assimilator  
  66  6:53  Probe x2  
  66  7:00  Stalker x4  
  72  7:14  Probe x2  
Show
View Real Time Build Order
Export as new Build Order

LiquidClem Terran 

Build Orders:  

Get SALT Encoding   

  12  0:00  SCV  
  13  0:12  SCV  
  14  0:17  Supply Depot  
  14  0:25  SCV  
  15  0:29  Refinery  
  15  0:39  SCV  
  16  0:45  Barracks  
  16  0:51  SCV  
  17  1:04  SCV  
  18  1:16  SCV  
  18  1:17  Engineering Bay  
  19  1:33  Orbital Command, Marine  
  19  1:38  Factory  
  20  1:47  Supply Depot  
  20  1:52  Barracks Reactor  
  20  2:01  SCV  
  21  2:14  SCV  
  22  2:26  SCV  
  23  2:32  Starport  
  23  2:33  Hellion x2  
  23  2:37  Supply Depot  
  26  2:38  SCV  
  27  2:50  Command Center  
  27  2:56  Hellion  
  29  3:02  Cyclone  
  31  3:08  Refinery  
  31  3:11  SCV  
  32  3:20  Medivac  
  32  3:23  Supply Depot  
  32  3:24  SCV  
  35  3:37  SCV  
  35  3:40  Marine  
  35  3:41  Marine  
  38  3:45  Cyclone  
  40  3:49  Barracks  
  40  3:53  SCV  
  41  3:58  Marine x2  
  43  4:03  SCV  
  43  4:06  SCV  
  39  4:16  Marine x2  
  41  4:20  Factory Tech Lab  
  41  4:21  SCV  
  42  4:29  Barracks  
  42  4:33  SCV  
  42  4:36  Barracks Tech Lab  
  44  4:41  Siege Tank  
  46  4:45  Orbital Command  
  46  4:48  SCV  
  46  4:50  Starport Tech Lab  
  47  4:55  Stimpack  
  47  4:56  Marine  
  48  5:00  SCV, Marine  
  52  5:07  Marauder  
  52  5:12  SCV  
  52  5:13  SCV  
  53  5:16  Siege Tank  
  53  5:19  Marine  
  57  5:23  Marine  
  57  5:24  Supply Depot, SCV  
  57  5:25  Marine  
  60  5:28  SCV  
  56  5:35  Marine  
  56  5:37  Marine  
  56  5:38  SCV  
  58  5:43  Raven  
  58  5:44  SCV  
  58  5:45  Supply Depot  
  58  5:47  Marine  
  60  5:50  SCV  
  60  5:54  Marine  
  60  5:56  Marine  
  56  5:57  SCV  
  56  6:00  Marauder  
  56  6:02  Siege Tank  
  61  6:04  Marine  
  61  6:09  SCV  
  61  6:10  Supply Depot  
  61  6:11  Supply Depot, Marine  
  62  6:14  Marine  
  60  6:18  SCV  
  60  6:21  Marine  
  60  6:25  SCV, Viking  
  61  6:27  Marine  
  61  6:31  Marine  
  61  6:33  Marine  
  61  6:36  SCV  
  59  6:40  Supply Depot  
  59  6:44  Siege Tank  
  59  6:45  Marine  
  60  6:51  Marine x2, Marauder  
  57  6:56  SCV  
  58  7:03  Marine  
  58  7:06  SCV  
  60  7:09  Marine  
  60  7:11  Marine  
  60  7:15  Marine  
Tags
 
Composition
Blink Stalkers
League
Master
Matchup
PvT
Player
ClemherO
Replay Pack
December 2023
Spawn Locations
Cross Positions
Add a new tag
Caveats
  • Supply blocks, unpowered buildings, or Contaminate may cause inaccurate times.
  • Supply counts are checked every 10 seconds.